 Dungeon Crawl Stone Soup version 0.30-a0-373-gd37427bb62 (webtiles) character file.

Game seed: 12904948094699822715

24621 bande the Cleaver (level 13, -1/81 HPs)
             Began as a Gargoyle Fighter on Nov 23, 2022.
             Slain by a death yak (20 damage)
             ... on level 3 of the Lair of Beasts.
             The game lasted 00:20:11 (12137 turns).

bande the Cleaver (Gargoyle Fighter)               Turns: 12137, Time: 00:20:12

Health: -1/81      AC: 28    Str: 21    XL:     13   Next: 14%
Magic:  13/13      EV: 10    Int: 12    God:
Gold:   913        SH: 12    Dex: 14    Spells: 12/12 levels left

rFire   . . .      SeeInvis .    a - +1 war axe (vamp)
rCold   . . .      Faith    .    c - +0 buckler
rNeg    + . .      Spirit   .    B - +0 plate armour
rPois   ∞          Reflect  +    e - +0 helmet
rElec   +          Harm     .    (no cloak)
rCorr   .          Rampage  .    b - +1 pair of gloves
Will    .....                    (no boots)
Stlth   ..........               l - amulet of reflection
HPRegen 0.33/turn                g - ring of flight
MPRegen 0.13/turn                u - +4 ring of evasion

@: flying
A: sickness immunity, AC +9, negative energy resistance 1, electricity
resistance, torment resistance 1, petrification resistance, thin skeletal
structure 1, clever 1
a: no special abilities


You were on level 3 of the Lair of Beasts.
You visited 3 branches of the dungeon, and saw 13 of its levels.
You also visited: Bailey.

You collected 958 gold pieces.
You spent 45 gold pieces at shops.

Inventory:

Hand Weapons
 a - a +1 vampiric war axe (weapon)
 k - a +0 flail of holy wrath
 A - a +3 war axe
Missiles
 y - 2 throwing nets (quivered)
Armour
 b - a +1 pair of gloves (worn)
 c - a +0 buckler (worn)
 e - a +0 helmet (worn)
 B - a +0 plate armour (worn)
Jewellery
 g - a ring of flight (left hand)
 l - an amulet of reflection (around neck)
 u - a +4 ring of evasion (right hand)
 v - a +6 ring of intelligence
Wands
 q - a wand of polymorph (4)
 s - a wand of paralysis (11)
 z - a wand of flame (6)
Scrolls
 f - a scroll of enchant weapon
 i - 2 scrolls of brand weapon
 j - 4 scrolls of teleportation
 r - 3 scrolls of enchant armour
 w - 3 scrolls of identify
 C - a scroll of immolation {unknown}
 D - a scroll of magic mapping
Potions
 d - 2 potions of might
 h - 2 potions of cancellation
 m - 3 potions of haste
 n - 2 potions of mutation
 o - 2 potions of brilliance
 p - a potion of berserk rage {unknown}
 t - 4 potions of curing
 x - a potion of magic


   Skills:
 + Level 9.6 Fighting
 + Level 12.7 Axes
 + Level 10.0 Armour
 + Level 10.6 Shields
 * Level 7.7 Evocations


You had 12 spell levels left.
You didn't know any spells.
Your spell library contained the following spells:

 Spells                   Type           Power      Damage    Failure   Level
 Freeze                   Ice            0%         1d3       99%         1
 Sandblast                Erth           0%         2d4       99%         1
 Passwall                 Tmut/Erth      0%         N/A       100%        2
 Frozen Ramparts          Ice            0%         1d1       100%        3
 Hailstorm                Conj/Ice       0%         3d3       100%        3
 Stone Arrow              Conj/Erth      0%         3d7       100%        3
 Blade Hands              Tmut           0%         N/A       100%        5
 Irradiate                Conj/Tmut      0%         3d11      100%        5
 Dragon Form              Tmut           0%         N/A       100%        7


Dungeon Overview and Level Annotations

Branches:
Dungeon (9/15)             Temple (1/1) D:5            Lair (3/5) D:9
 Shoals (0/4) Lair:3       Spider (0/4) Lair:3          Orc (0/2) D:9
 Bailey (visited)

Altars:
Ashenzari
Cheibriados
Dithmenos
Elyvilon
Fedhas
Gozag
Hepliaklqana
Kikubaaqudgha
Makhleb
Nemelex Xobeh
Qazlal
Ru
Sif Muna
Trog
Uskayaw
Vehumet
Wu Jian
Xom
Yredelemnul
Zin
The Shining One

Shops:
D:2 [   D:8 *


Innate Abilities, Weirdness & Mutations

You are immune to sickness and miasma.
Your stone body is resilient. (AC +9)
You are immune to poison.
You resist negative energy. (rN+)
You are resistant to electric shocks. (rElec)
You are resistant to unholy torment.
You are immune to petrification.
You have a somewhat thin skeletal structure. (Dex +2, Stealth+)
Your mind is acute. (Int +4, Str/Dex -1)


Message History

The death yak gores you! You block the death yak's attack.
The death yak gores you but does no damage.
The death yak closely misses you.
The death yak gores you but does no damage.
You hit the death yak but do no damage.
The death yak is severely wounded.
You hit the death yak.
You feel better.
You hit the death yak but do no damage. You hit the death yak.
You feel better.
You hit the death yak but do no damage. The death yak gores you.
The death yak gores you! x2
* * * LOW HITPOINT WARNING * * *
The death yak gores you but does no damage. x2
You hit the death yak.
The death yak is almost dead.
You slash the death yak!
You hit the death yak. x2; You feel better.
You slash the death yak!
You feel better. You block the death yak's attack.
The death yak gores you but does no damage.
The death yak gores you!
* * * LOW HITPOINT WARNING * * *
You block the death yak's attack.
The death yak gores you but does no damage.
You hit the death yak but do no damage.
The death yak is almost dead.
You hit the death yak. x2; You feel better.
You hit the death yak but do no damage. You slash the death yak!
You feel better.
The death yak gores you but does no damage.
The death yak gores you!!
* * * LOW HITPOINT WARNING * * *
You block the death yak's attack. x3
You hit the death yak.
You feel better.
The death yak is almost dead.
You barely miss the death yak. You hit the death yak.
You feel better.
You hit the death yak but do no damage. You hit the death yak.
You feel better.
Unknown command.
You slash the death yak!
You feel better.
You kill the death yak!
You barely miss the death yak. You hit the death yak.
You feel better.
You hit the death yak but do no damage. You barely miss the death yak.
The death yak closely misses you. The death yak gores you!!
You die...

............##..##
.......#....#....# ##
.......##.#.#....# ..#
†..##^..#####...####.#
....##^^^# #....#.#..###
.....#..^^^#............
.....##^^.^##...........
......#^^.^.##.....#####
.#....##^....#.Y@Y##
##..... #[.>.#.Y.Y#
#...#....# .. ##.#.....
...# #....## # ...#
.....# #....# .......
##...# ##. #.......
#....##..##


You could see 4 death yaks.

Vanquished Creatures
  A boulder beetle (Lair:2)
  4 death yaks
  Amaemon (Lair:2)
  7 elephants
  A black mamba (Lair:3)
  A torpor snail (Lair:3)
  An orange demon (Lair:1)
  10 cane toads
  A rime drake (Lair:3)
  6 komodo dragons
  2 hornets (D:8)
  Grinder (D:5)
  9 blink frogs
  A jumping spider (Lair:3)
  A vampire (D:9)
  3 basilisks
  8 wyverns
  23 yaks
  A steam dragon (D:9)
  2 redbacks (Lair:3)
  14 water moccasins
  2 black bears
  6 orc warriors
  3 sky beasts
  4 wolves (D:9)
  4 ogres
  4 centaurs
  A phantom (D:5)
  10 kobold brigands
  5 bullfrogs
  2 necrophages (D:5)
  A gnoll sergeant (D:9)
  7 scorpions
  5 killer bees (D:9)
  5 howler monkeys (D:9)
  An electric eel (Lair:3)
  3 jellies
  5 orc priests
  A hound (D:6)
  Jessica (D:3)
  3 iguanas
  3 orc wizards
  Robin (D:3)
  3 gnolls (D:9)
  2 adders
  A shadow imp (D:5)
  4 white imps
  4 dart slugs
  A worm (D:3)
  18 orcs
  4 bats (D:2)
  2 endoplasms
  A giant cockroach (D:2)
  8 goblins (D:2)
  10 hobgoblins
  8 jackals
  A quokka (D:4)
  2 ball pythons
  2 frilled lizards
  28 kobolds
  3 rats
277 creatures vanquished.

Vanquished Creatures (others)
  An orc wizard (D:7)
  25 fungi
  18 plants
44 creatures vanquished.

Grand Total: 321 creatures vanquished

Notes
Turn   | Place    | Note
-------+----------+-------------------------------------------
     0 | D:1      | bande the Gargoyle Fighter began the quest for the Orb.
     0 | D:1      | Reached XP level 1. HP: 14/14 MP: 1/1
   226 | D:1      | Reached XP level 2. HP: 16/19 MP: 2/2
   563 | D:2      | Reached XP level 3. HP: 23/23 MP: 3/3
   739 | D:2      | Reached skill level 2 in Axes
   988 | D:2      | Found Ytotwat's Armour Shop.
   994 | D:2      | Bought a +0 pair of gloves for 45 gold pieces
  1139 | D:3      | Gained mutation: Your mind is acute. (Int +4, Str/Dex -1)
                  | [potion of mutation]
  1139 | D:3      | Gained mutation: You have a somewhat thin skeletal
                  | structure. (Dex +2, Stealth+) [potion of mutation]
  1146 | D:3      | Found a shimmering blue altar of Sif Muna.
  1187 | D:3      | Noticed Jessica
  1194 | D:3      | Killed Jessica
  1195 | D:3      | Reached XP level 4. HP: 24/29 MP: 4/4
  1411 | D:3      | Noticed Robin
  1567 | D:3      | Killed Robin
  1598 | D:3      | You fall into a shaft and drop 1 floor!
  1625 | D:4      | Noticed a scorpion
  1639 | D:4      | Killed a scorpion
  1640 | D:4      | Reached skill level 3 in Axes
  1640 | D:4      | Reached XP level 5. HP: 26/33 MP: 5/5
  1919 | D:4      | Reached XP level 6. HP: 38/38 MP: 6/6
  2143 | D:4      | Identified the +9 sling "Cemmyw" {flame, Int+2 Dex+5}
  2195 | D:4      | Reached skill level 4 in Axes
  2641 | D:5      | Entered Level 5 of the Dungeon
  2679 | D:5      | Noticed Grinder
  2690 | D:5      | Reached skill level 5 in Armour
  2690 | D:5      | Reached XP level 7. HP: 24/44 MP: 7/7
  2695 | D:5      | Paralysed by Grinder for 2 turns
  2701 | D:5      | Killed Grinder
  2702 | D:5      | Reached skill level 5 in Axes
  2949 | D:5      | Found a staircase to the Ecumenical Temple.
  2958 | Temple   | Entered the Ecumenical Temple
  3273 | D:5      | Reached skill level 5 in Shields
  3350 | D:5      | Reached XP level 8. HP: 48/48 MP: 8/8
  3428 | D:5      | Reached skill level 6 in Axes
  3706 | D:5      | Found a sparkling altar of Nemelex Xobeh.
  3732 | D:5      | Found a sacrificial altar of Ru.
  4016 | D:6      | Found a blossoming altar of Fedhas.
  4146 | D:6      | Reached skill level 5 in Fighting
  4236 | D:6      | Found a hazy altar of Hepliaklqana.
  4543 | D:7      | Reached skill level 7 in Axes
  4670 | D:7      | Reached XP level 9. HP: 50/54 MP: 9/9
  4696 | D:7      | Found a flagged portal.
  4705 | Bailey   | Entered a bailey
  4737 | Bailey   | Reached skill level 1 in Evocations
  4818 | Bailey   | Reached skill level 8 in Axes
  4961 | Bailey   | Found a burning altar of Makhleb.
  5364 | D:8      | Noticed a hornet
  5379 | D:8      | Killed a hornet
  5491 | D:8      | Reached XP level 10. HP: 53/60 MP: 10/10
  5593 | D:8      | Found Toffaryl's General Store.
  5738 | D:8      | Reached skill level 9 in Axes
  6413 | D:9      | Found a staircase to the Orcish Mines.
  6555 | D:9      | Found a staircase to the Lair.
  6851 | D:9      | Reached skill level 10 in Axes
  6935 | D:9      | Reached XP level 11. HP: 59/67 MP: 11/11
  7312 | D:9      | Found a burning altar of Makhleb.
  7312 | D:9      | Noticed a balrug
  7529 | Lair:1   | Entered Level 1 of the Lair of Beasts
  7652 | Lair:1   | Reached skill level 5 in Evocations
  7935 | Lair:1   | Noticed a death yak
  7936 | Lair:1   | Noticed a death yak
  7937 | Lair:1   | Noticed a death yak
  7937 | Lair:1   | Noticed Amaemon
  8244 | Lair:2   | HP: 1/68 [cane toad (11)]
  8253 | Lair:2   | Killed Amaemon
  8440 | Lair:2   | Reached skill level 11 in Axes
  8533 | Lair:1   | Reached XP level 12. HP: 74/75 MP: 12/12
  8571 | Lair:1   | Killed a death yak
  8588 | Lair:1   | Killed a death yak
  8596 | Lair:1   | HP: 1/75 [death yak (13)]
  8601 | Lair:1   | HP: 1/75 [death yak (12)]
  8606 | Lair:1   | Killed a death yak
 10801 | Lair:3   | Noticed a boulder beetle
 10814 | Lair:2   | Reached skill level 12 in Axes
 11090 | Lair:2   | Reached skill level 10 in Shields
 11125 | Lair:2   | Killed a boulder beetle
 11155 | Lair:3   | Found a staircase to the Shoals.
 11899 | Lair:3   | Reached XP level 13. HP: 80/80 MP: 13/13
 12038 | Lair:3   | Reached skill level 10 in Armour
 12042 | Lair:3   | Found a hole to the Spider Nest.
 12137 | Lair:3   | Slain by a death yak

Illustrated notes

Levels and vault maps discovered:
D:1:      dpeg_arrival_arbitrary_a, layout_basic
D:2:      layout_loops_ring, serial_shops, nicolae_shop_stone, minivault_4
D:3:      layout_basic, mainiacjoe_overflow_alcove_2, lemuel_tele_altar,
          grunt_ministairs_14, chequers_serial_rivers_large_a, uniq_jessica,
          uniq_robin
D:4:      kennysheep_spiral_hall, layout_basic
D:5:      layout_basic, mainiacjoe_overflow_two_lobes,
          minmay_temple_entry_poolview, uniq_grinder
D:6:      layout_basic, fedhas_altar_3, nicolae_hepliaklqana_hippocampus
D:7:      layout_cave_pools, enter_bailey_2
D:8:      layout_basic, serial_shops, kennysheep_little_box
D:9:      layout_long_grid, makhleb_altar_promises_db, minmay_lair_entry_grove,
          serial_co_window_serial, co_window_corner_a, co_window_paths_a,
          co_window_cross_1, co_window_paths_b, co_window_of_opportunity_a,
          co_window_unsneaky_path_c, co_window_of_opportunity_b,
          co_window_corner_cb, co_window_4corner_b, glass_columns_a,
          glass_columns_a
Temple:   nicolae_temple_superstar
Lair:1:   layout_misc_corridors, grunt_megastairs_4, uniq_amaemon
Lair:2:   layout_hall_layers
Lair:3:   layout_regular_city, elwin_shoals_entry_rocks,
          spider_nest_entry_funnel_web, wad_woods_river_01, uniq_sonja

Skill      XL: |  1  2  3  4  5  6  7  8  9 10 11 12 13 |
---------------+----------------------------------------+-----
Axes           | 2 3 4 5 7 8 10 11 12 | 12.7
Armour         | 4 5 6 7 8 9 10 | 10.0
Shields        | 4 5 6 7 8 9 10 | 10.6
Fighting       | 4 5 6 7 8 9 |  9.6
Evocations     | 3 4 6 7 |  7.7

Action                   |  1- 3 |  4- 6 |  7- 9 | 10-12 | 13-15 || total
-------------------------+-------+-------+-------+-------+-------++-------
Melee: War axe           |    88 |   107 |   288 |   813 |    95 ||  1391
  Use: Scroll            |    10 |     3 |     5 |     5 |       ||    23
       Potion            |     1 |       |     1 |     7 |       ||     9
Armor: Scale mail        |    39 |       |       |       |       ||    39
       Chain mail        |    17 |    71 |   160 |       |       ||   248
       Plate armour      |       |       |    50 |   587 |    70 ||   707
Dodge: Dodged            |    33 |    30 |   143 |   414 |    43 ||   663
Block: Buckler           |    22 |    38 |   197 |   617 |    68 ||   942
       Reflection        |       |       |    17 |     8 |       ||    25

Table legend: (Time is in decaauts)
 A = Elapsed time spent in this place.
 B = Non-inter-level travel time spent in this place.
 C = Inter-level travel time spent in this place.
 D = Time resting spent in this place.
 E = Time spent auto-exploring this place.
 F = Levels seen in this place.
 G = Mean time per level.
                   A        B        C        D        E       F      G
               +--------+--------+--------+--------+--------+-----+--------+
         Total |  12282 |  11970 |    312 |   2848 |   6316 |  14 |  877.3 |
       Dungeon |   7248 |   6980 |    268 |   1045 |   4438 |   9 |  805.3 |
        Temple |     97 |     97 |      0 |      0 |     74 |   1 |   97.0 |
          Lair |   4598 |   4554 |     44 |   1711 |   1721 |   3 | 1532.7 |
        Bailey |    337 |    337 |      0 |     92 |     83 |   1 |  337.0 |
               +--------+--------+--------+--------+--------+-----+--------+

Top non-repeatable levels by time:
  Lair:2: 2051 daAuts
  Lair:1: 1537 daAuts
     D:9: 1361 daAuts
     D:5: 1244 daAuts
     D:4: 1065 daAuts
  Lair:3: 1009 daAuts
     D:8: 839 daAuts
     D:2: 772 daAuts
     D:6: 591 daAuts
     D:1: 547 daAuts
     D:7: 488 daAuts
     D:3: 337 daAuts
  Bailey: 337 daAuts
  Temple: 97 daAuts
